 Dungeon Crawl Stone Soup version 0.22-a0-322-g60b3cfd (webtiles) character file.

163 tilp the Chiller (level 5, 0/35 HPs)
             Began as a Merfolk Ice Elementalist on Apr 3, 2018.
             Succumbed to Fingolfin's ghost's poison
             ... on level 3 of the Dungeon.
             The game lasted 00:08:06 (3047 turns).

tilp the Chiller (Merfolk Ice Elementalist)         Turns: 3047, Time: 00:08:07

Health: 0/35       AC:  2    Str:  9    XL:     5   Next: 44%
Magic:  0/8        EV: 13    Int: 15    God:
Gold:   202        SH:  0    Dex: 14    Spells: 2/8 levels left

rFire    . . .     SeeInvis .   m - +2 dagger (holy)
rCold    . . .     Gourm    .   (no shield)
rNeg     . . .     Faith    .   a - +0 robe
rPois    .         Spirit   .   (no helmet)
rElec    .         Reflect  .   (no cloak)
rCorr    .         Harm     .   (no gloves)
MR       .....                  (no boots)
Stlth    ++........             (no amulet)
HPRegen  0.11/turn              (no ring)
MPRegen  0.11/turn              (no ring)

@: lethally poisoned (0 -> -4), very slightly contaminated
A: change form in water, swift swim, stealthy swim
a: no special abilities


You were on level 3 of the Dungeon.
You were hungry.

You visited 1 branch of the dungeon, and saw 3 of its levels.

You collected 202 gold pieces.

Inventory:

Hand Weapons
 d - a +0 trident
 f - a +0 club
 m - a +2 dagger of holy wrath (weapon)
 v - a +0 spear
 w - a +0 mace of protection
 x - a +0 dagger of holy wrath
Missiles
 g - 26 stones (quivered)
 i - 11 sling bullets
Armour
 a - a +0 robe (worn)
Jewellery
 p - a cursed ring of loudness {unknown}
 q - an uncursed ring of stealth {unknown}
Scrolls
 e - 2 scrolls of fear {unknown}
 k - a scroll of magic mapping {unknown}
 l - 6 scrolls of identify {unknown}
 n - 2 scrolls of remove curse {unknown}
 t - a scroll of enchant armour {unknown}
 u - a scroll of amnesia {unknown}
Potions
 h - a potion of agility {unknown}
 j - 2 potions of degeneration {unknown}
 o - a potion of heal wounds {unknown}
 r - a potion of berserk rage {unknown}
Comestibles
 c - 9 rations
 s - 3 chunks of flesh


   Skills:
 - Level 2.6 Dodging
 - Level 2.1 Stealth
 - Level 2.0 Spellcasting
 - Level 0.7 Conjurations
 + Level 6.5 Ice Magic


You had 2 spell levels left.
You knew the following spells:

 Your Spells              Type           Power        Failure   Level  Hunger
a - Freeze                Ice            ###.         1%          1    #......
b - Throw Frost           Conj/Ice       ##....       8%          2    ###....
c - Ozocubu's Armour      Chrm/Ice       ##......     17%         3    ###....


Dungeon Overview and Level Annotations

Branches:
Dungeon (3/15)

Altars:
Fedhas
Hepliaklqana
Zin

Annotations:
D:2 Sigmund


Message History

You destroy Fingolfin's ghost!
Your Ice Magic skill increases to level 6!
You have reached level 5!
You feel stronger. The orc barely misses you.
Casting: Freeze (safe; 1% risk of failure)
Confirm with . or Enter, or press ? or * to list all spells.
You don't have enough magic to cast that spell.
You barely miss the orc.
You feel sick. The orc hits you with a hand axe.
* * * LOW HITPOINT WARNING * * *
You barely miss the orc. The orc hits you with a hand axe.
* * * LOW HITPOINT WARNING * * *
Casting: Freeze (safe; 1% risk of failure)
Confirm with . or Enter, or press ? or * to list all spells.
Aiming: Freeze (safe; 1% risk of failure)
Press: ? - help, Shift-Dir - straight line, f - orc
Aim: an orc, wielding a hand axe and wearing a scale mail You freeze the orc.
The orc is moderately wounded.
You die...

.......(...##.........#......P.P.
...........##................._..
..........>##.)...........##.P.P)
...........##.............##.....
##........................#######
#...............................
##...............................
................o####............
##..............@# #......######
#...............# #......######
#............ยง.<####............
####.....#######.................
.........# #......##.........
.........#######......##.........
..............)..................
......##..........###..#####.....
......##..........# #.##._.##..##


You could see an orc.

Vanquished Creatures
  The ghost of Fingolfin the Conjurer, an amateur NaWz (D:3)
  2 adders
  A worm (D:3)
  A leopard gecko (D:2)
  3 orcs (D:3)
  4 giant cockroaches
  5 goblins
  9 hobgoblins
  6 jackals
  2 kobolds (D:1)
  2 quokkas (D:2)
  5 bats
  6 frilled lizards
  6 rats
53 creatures vanquished.

Notes
Turn   | Place    | Note
-------+----------+-------------------------------------------
     0 | D:1      | tilp the Merfolk Ice Elementalist began the quest for the Orb.
     0 | D:1      | Reached XP level 1. HP: 13/13 MP: 3/3
   208 | D:1      | Reached XP level 2. HP: 18/19 MP: 1/5
   216 | D:1      | Learned a level 2 spell: Throw Frost
   278 | D:1      | Reached skill level 4 in Ice Magic
   943 | D:2      | Reached XP level 3. HP: 16/24 MP: 4/6
   948 | D:2      | Learned a level 3 spell: Ozocubu's Armour
  1088 | D:2      | Found a faded altar of an unknown god.
  1140 | D:2      | Found a hazy altar of Hepliaklqana.
  1663 | D:2      | Reached skill level 5 in Ice Magic
  1754 | D:2      | Noticed Sigmund
  2324 | D:3      | Found a blossoming altar of Fedhas.
  2426 | D:3      | Found a glowing silver altar of Zin.
  2485 | D:3      | Reached XP level 4. HP: 24/30 MP: 3/7
  2556 | D:3      | Noticed Fingolfin's ghost (amateur NaWz)
  3044 | D:3      | Killed Fingolfin's ghost
  3044 | D:3      | Reached skill level 6 in Ice Magic
  3044 | D:3      | Reached XP level 5. HP: 6/35 MP: 0/8
  3046 | D:3      | HP: 1/35 [orc/hand axe (3)]
  3047 | D:3      | Succumbed to Fingolfin's ghost's poison

Vault maps used:
D:1:      minmay_arrival_four_houses
D:2:      old_standard_altar, chequers_ecumenical_altar_simple, uniq_sigmund
D:3:      zin_statuary, fedhas_altar_1

Skill      XL: |  1  2  3  4 |
---------------+-------------+-----
Ice Magic      | 4 5 6 |  6.5
Dodging        | |  2.6
Stealth        | |  2.1
Spellcasting   | |  2.0
Conjurations   | |  0.7

Action                   |  1- 3 |  4- 6 || total
-------------------------+-------+-------++-------
Melee: Dagger            |    50 |    47 ||    97
Throw: Stone             |       |     4 ||     4
 Cast: Freeze            |    48 |    12 ||    60
       Ozocubu's Armour  |     2 |     2 ||     4
       Throw Frost       |     1 |     3 ||     4
  Use: Potion            |       |     4 ||     4
 Stab: Sleeping          |     3 |     1 ||     4
  Eat: Chunk             |     6 |     2 ||     8
Armor: Robe              |     3 |    12 ||    15
Dodge: Dodged            |    63 |    36 ||    99

Table legend:
 A = Spawn XP
 B = Non-spawn XP
 C = Spawn XP percentage of total XP
 D = Spawn monster count
 E = Non-spawn monster count
 F = Spawn count percentage of total count
 G = Total turns spent on level
                    A         B        C        D         E        F      G
               +---------+---------+-------+---------+---------+-------+---------
         Total |       0 |     234 |   0.0 |       0 |      53 |   0.0 |  3047
               +---------+---------+-------+---------+---------+-------+---------
           D:1 |       0 |      31 |   0.0 |       0 |      19 |   0.0 |   937
           D:2 |       0 |      37 |   0.0 |       0 |      14 |   0.0 |  1171
           D:3 |       0 |     166 |   0.0 |       0 |      20 |   0.0 |   939
               +---------+---------+-------+---------+---------+-------+---------
